 Dungeon Sprint DCSS version 0.29.1-2-gbd0b4ee654 (webtiles) character file.

Game seed: 2144383456926977710

34174 Zeld the Executioner (level 13, -6/143 HPs)
             Began as a Minotaur Berserker on Oct 29, 2022.
             Was a High Priest of Trog.
             Killed from afar by a deep elf sorcerer (35 damage)
             ... with damnation
             ... in the Dungeon (Sprint VII: "The Pits").
             The game lasted 00:08:06 (5685 turns).

Zeld the Executioner (Minotaur Berserker)           Turns: 5685, Time: 00:08:07

Health: -6/143     AC: 33    Str: 27    XL:     13   Next: 40%
Magic:  12/12      EV: 14    Int:  7    God:    Trog [*****.]
Gold:   35         SH:  0    Dex: 10    Spells: 12/12 levels left

rFire   . . .      SeeInvis .   a - +10 battleaxe of Reapportionment {vorpal, rCorr}
rCold   . . .      Faith    .   (shield currently unavailable)
rNeg    . . .      Spirit   .   b - +5 plate armour
rPois   .          Reflect  .   (helmet restricted)
rElec   .          Harm     .   (no cloak)
rCorr   +          Rampage  .   z - +2 pair of gloves {Stlth+}
Will    ++...      NoTele   +   r - +0 pair of boots
Stlth   ..........              (no amulet)
HPRegen 1.33/turn               n - +3 ring of intelligence
MPRegen 0.13/turn               o - +3 ring of protection

@: strong-willed, regenerating
A: horns 2, retaliatory headbutt
a: Renounce Religion, Berserk, Trog's Hand, Brothers in Arms


You were in the Dungeon.
You worshipped Trog.
Trog was extremely pleased with you.
You visited 1 branch You collected 35 gold pieces.

Inventory:

Hand Weapons
 a - the +10 battleaxe of Reapportionment (weapon) {vorpal, rCorr}
   (Trog gifted it to you in the Dungeon)

   It inflicts extra damage upon your enemies.
   rCorr:     It protects you from acid and corrosion.
 s - a +1 executioner's axe
Armour
 b - a +5 plate armour (worn)
 r - a +0 pair of boots (worn)
 z - a +2 pair of gloves of stealth (worn)
Jewellery
 n - a +3 ring of intelligence (left hand)
 o - a +3 ring of protection (right hand)
Wands
 k - a wand of light (2)
 m - a wand of roots (10)
Scrolls
 h - a scroll of blinking
 j - a scroll of summoning
 t - 4 scrolls of butterflies
 v - 2 scrolls of fear
 y - 2 scrolls of identify
Potions
 c - 13 potions of curing
 d - 8 potions of heal wounds
 e - 3 potions of haste
 f - 4 potions of magic
 g - 5 potions of berserk rage
 i - 2 potions of invisibility
 l - a potion of ambrosia {unknown}
 p - 2 potions of might
 q - 2 potions of mutation
 w - a potion of resistance
Miscellaneous
 x - a phial of floods


   Skills:
 + Level 21.0 Fighting
 - Level 24.0 Axes
 + Level 20.8 Armour
 + Level 19.2 Dodging


You had 12 spell levels left.
You didn't know any spells.
Your spell library was empty.

Dungeon Overview and Level Annotations

Branches:
Dungeon (1/1)

Altars:
Ashenzari
Cheibriados
Dithmenos
Elyvilon
Fedhas
Gozag
Hepliaklqana
Kikubaaqudgha
Makhleb
Nemelex Xobeh
Okawaru
Qazlal
Ru
Sif Muna
Trog
Uskayaw
Vehumet
Wu Jian
Xom
Yredelemnul
Zin
The Shining One
Jiyva
Lugonu


Innate Abilities, Weirdness & Mutations

You have a pair of horns on your head.
You reflexively headbutt those who attack you in melee.


Message History

You feel sick.
You feel sick.
You feel sick.
You feel sick.
You feel sick.
You feel sick.
You feel sick.
You are no longer poisoned.
The deep elf sorcerer seems less brilliant.
The deep elf sorcerer becomes larger for a moment.
The deep elf sorcerer is empowered by something's aura!
The deep elf sorcerer points at you and mumbles some strange words.
The deep elf sorcerer gestures at you while chanting.
The sphere of damnation explodes!
The damnation engulfs you!!
* * * LOW HITPOINT WARNING * * *
You see here a redback corpse.
Blink to where?
Press: ? - help, Dir - move target
As you read the scroll of blinking, it crumbles to dust.
Your skin crawls.
You feel strong-willed.
Your cyclops goes berserk!
The deep elf sorcerer points at you and mumbles some strange words.
The sphere of damnation explodes!
The damnation engulfs your cyclops!
The deep elf sorcerer barely misses your cyclops.
Your cyclops closely misses the deep elf sorcerer.
The deep elf sorcerer hits your cyclops with a +0 long sword.
Your cyclops barely misses the deep elf sorcerer.
The deep elf sorcerer hits your cyclops with a +0 long sword!
You see here a +0 flail.
Your cyclops hits the deep elf sorcerer!!
You hear a shout!
The deep elf sorcerer mumbles some strange words.
The deep elf sorcerer seems to speed up.
The deep elf sorcerer casts a spell at you.
The sphere of damnation explodes!
The damnation engulfs you!!
* * * LOW HITPOINT WARNING * * *
The deep elf sorcerer points at you and mumbles some strange words.
The sphere of damnation explodes!
The damnation engulfs you!!
You die...

####..##.#'##.##.C...)e.C......†.
......##.#=.+.##..##############+
......##.)..#.##.e#
########.#).'.##..#
########.)).#.##..#
..##..##.##+#.##..#
..##..##......##..#
..''..##########..#
..''..##########@.#
..##...........)).#
..##..............#
################### ########
##### #############
#...)..###...####..'.....':.##
..#'#......)..##...##...##[.[#
.##.##.....#...#..##.....##=:#
##...##...###..#.##.......##[#


You could see a deep elf sorcerer (fast).

Vanquished Creatures
  A royal mummy (D)
  A hellephant (D)
  A deep elf master archer (D)
  A death cob (D)
  A ghost moth (D)
  A green draconian (D)
  An eidolon (D)
  Harold (D)
  A centaur warrior (D)
  A two-headed ogre (D)
  An alligator snapping turtle (D)
  An anaconda (D)
  A vampire mage (D)
  2 hell knights (D)
  3 sea snakes (D)
  A flayed ghost (D)
  A swamp dragon (D)
  A deep troll (D)
  A phantasmal warrior (D)
  Pikel (D)
  A harpy (D)
  2 deep elf zephyrmancers (D)
  An orc knight (D)
  A mana viper (shapeshifter) (D)
  2 elephants (D)
  3 gargoyles (D)
  Psyche (D)
  A komodo dragon (D)
  3 demonic crawlers (D)
  An efreet (D)
  A hellwing (D)
  A guardian mummy (D)
  A red devil (D)
  A hornet (D)
  Grinder (D)
  3 blink frogs (D)
  Prince Ribbit (D)
  A tarantella (D)
  8 dream sheep (D)
  A jumping spider (D)
  A culicivora (D)
  2 spriggans (D)
  A wyvern (D)
  3 water elementals (D)
  2 redbacks (D)
  3 vampire mosquitoes (D)
  2 basilisks (D)
  A fire bat (D)
  A steam dragon (D)
  A floating eye (D)
  A swamp drake (D)
  A black bear (D)
  An orc warrior (D)
  A sky beast (D)
  A large abomination (D)
  A small abomination (D)
  A centaur (D)
  2 kobold brigands (D)
  A scorpion (D)
  A gnoll sergeant (D)
  3 wights (D)
  A quasit (D)
  2 iron imps (D)
  An orc priest (D)
  Ijyb (D)
  A mummy (D)
  6 gnolls (D)
  An adder (D)
  An ufetubus (D)
  2 adder skeletons (D)
  2 worms (D)
  2 orcs (D)
  A bat zombie (D)
  An endoplasm (D)
  A giant cockroach (D)
  2 quokkas (D)
  A ball python (D)
  A ball python simulacrum (D)
  A ball python skeleton (D)
  A quokka zombie (D)
118 creatures vanquished.

Vanquished Creatures (collateral kills)
  An eidolon (D)
  A merfolk aquamancer (D)
  3 hell knights (D)
  A sea snake (D)
  An elephant (D)
  A hellwing (D)
  3 dream sheep (D)
  A chaos spawn (D)
  A redback (D)
  An orc warrior (D)
  A bat skeleton (D)
15 creatures vanquished.

Grand Total: 133 creatures vanquished

Notes
Turn   | Place    | Note
-------+----------+-------------------------------------------
     0 | D        | Zeld the Minotaur Berserker began the quest for the Orb.
     0 | D        | Reached XP level 1. HP: 19/19 MP: 0/0
    12 | D        | Noticed a wight
    23 | D        | Killed a wight
    24 | D        | Reached skill level 5 in Fighting
    24 | D        | Reached skill level 6 in Axes
    24 | D        | Reached XP level 2. HP: 29/29 MP: 1/1
    24 | D        | Reached XP level 3. HP: 36/36 MP: 2/2
   147 | D        | Found a bloodstained altar of Trog.
   147 | D        | Found a shimmering blue altar of Sif Muna.
   147 | D        | Found a viscous altar of Jiyva.
   147 | D        | Found a hazy altar of Hepliaklqana.
   147 | D        | Found an opulent altar of Gozag.
   148 | D        | Found a glowing golden altar of the Shining One.
   148 | D        | Found a glowing silver altar of Zin.
   148 | D        | Found a basalt altar of Yredelemnul.
   148 | D        | Found a shimmering altar of Xom.
   148 | D        | Found an ornate altar of the Wu Jian Council.
   148 | D        | Found a sacrificial altar of Ru.
   148 | D        | Found a stormy altar of Qazlal.
   148 | D        | Found an iron altar of Okawaru.
   148 | D        | Found a sparkling altar of Nemelex Xobeh.
   148 | D        | Found a burning altar of Makhleb.
   148 | D        | Found a blossoming altar of Fedhas.
   148 | D        | Found a white marble altar of Elyvilon.
   148 | D        | Found a shadowy altar of Dithmenos.
   148 | D        | Found a snail-covered altar of Cheibriados.
   149 | D        | Found a radiant altar of Vehumet.
   149 | D        | Found a corrupted altar of Lugonu.
   150 | D        | Found an ancient bone altar of Kikubaaqudgha.
   150 | D        | Found a hide-covered altar of Uskayaw.
   150 | D        | Found a broken altar of Ashenzari.
   185 | D        | Reached ** piety under Trog
   477 | D        | Noticed Ijyb
   481 | D        | Reached skill level 7 in Axes
   481 | D        | Reached XP level 4. HP: 42/42 MP: 3/3
   485 | D        | Reached *** piety under Trog
   486 | D        | Reached skill level 5 in Armour
   486 | D        | Killed Ijyb
   488 | D        | Reached skill level 8 in Axes
   488 | D        | Reached skill level 5 in Dodging
  1040 | D        | Noticed a black bear
  1040 | D        | Noticed a kobold brigand
  1041 | D        | Noticed Grinder
  1041 | D        | Noticed a kobold brigand
  1046 | D        | Killed a kobold brigand
  1047 | D        | Reached skill level 9 in Axes
  1047 | D        | Reached XP level 5. HP: 51/51 MP: 4/4
  1048 | D        | Killed a black bear
  1049 | D        | Reached skill level 10 in Axes
  1049 | D        | Reached XP level 6. HP: 61/61 MP: 5/5
  1049 | D        | Reached **** piety under Trog
  1054 | D        | Reached skill level 11 in Axes
  1074 | D        | Killed Grinder
  1075 | D        | Reached skill level 12 in Axes
  1075 | D        | Reached XP level 7. HP: 14/70 MP: 6/6
  1339 | D        | Noticed a komodo dragon
  1348 | D        | Killed a komodo dragon
  1348 | D        | Reached ***** piety under Trog
  1349 | D        | Reached skill level 13 in Axes
  1660 | D        | Noticed Pikel
  1671 | D        | Killed Pikel
  1672 | D        | Reached skill level 10 in Fighting
  1672 | D        | Reached skill level 14 in Axes
  1672 | D        | Reached skill level 10 in Armour
  1672 | D        | Reached XP level 8. HP: 81/81 MP: 7/7
  1725 | D        | Noticed a gargoyle
  1734 | D        | Killed a gargoyle
  1735 | D        | Reached skill level 15 in Axes
  1737 | D        | Reached skill level 10 in Dodging
  1885 | D        | Received a gift from Trog
  1889 | D        | Reached XP level 9. HP: 89/89 MP: 8/8
  2047 | D        | Noticed a deep elf zephyrmancer
  2047 | D        | Noticed a sea snake
  2047 | D        | Noticed a deep elf zephyrmancer
  2056 | D        | Reached skill level 16 in Axes
  2059 | D        | Killed a sea snake
  2063 | D        | Killed a deep elf zephyrmancer
  2064 | D        | Reached skill level 17 in Axes
  2064 | D        | Reached ****** piety under Trog
  2065 | D        | Reached XP level 10. HP: 97/101 MP: 9/9
  2067 | D        | Killed a deep elf zephyrmancer
  2068 | D        | Reached skill level 18 in Axes
  2237 | D        | Noticed Harold
  2237 | D        | Noticed Prince Ribbit
  2243 | D        | Killed Harold
  2246 | D        | Killed Prince Ribbit
  2246 | D        | Received a gift from Trog
  2338 | D        | Reached skill level 19 in Axes
  2401 | D        | Noticed an anaconda
  2409 | D        | Killed an anaconda
  2566 | D        | Noticed a swamp dragon
  2567 | D        | Noticed an alligator snapping turtle
  2576 | D        | Killed a swamp dragon
  2576 | D        | Received a gift from Trog
  2585 | D        | Killed an alligator snapping turtle
  2586 | D        | Reached skill level 20 in Axes
  2586 | D        | Reached XP level 11. HP: 111/111 MP: 10/10
  2640 | D        | Noticed a sea snake
  2643 | D        | Killed a sea snake
  2644 | D        | Reached skill level 15 in Fighting
  2741 | D        | Noticed a deep troll
  2754 | D        | Received a gift from Trog
  2755 | D        | Reached skill level 15 in Armour
  2757 | D        | Killed a deep troll
  2768 | D        | Reached skill level 21 in Axes
  2991 | D        | Identified the +10 battleaxe of Reapportionment {vorpal,
                  | rCorr} (Trog gifted it to you in the Dungeon)
  2991 | D        | Received a gift from Trog
  3002 | D        | Noticed Psyche
  3019 | D        | Killed Psyche
  3239 | D        | Noticed a two-headed ogre
  3254 | D        | Killed a two-headed ogre
  3254 | D        | Received a gift from Trog
  3712 | D        | Noticed a hell knight
  3712 | D        | Noticed a green draconian
  3713 | D        | Noticed a hell knight
  3713 | D        | Noticed a hell knight
  3713 | D        | Killed a hell knight
  3714 | D        | Killed a hell knight
  3714 | D        | Noticed a hell knight
  3715 | D        | Reached skill level 22 in Axes
  3717 | D        | Noticed a hell knight
  3719 | D        | Killed a green draconian
  3720 | D        | Reached skill level 15 in Dodging
  3721 | D        | Killed a hell knight
  3722 | D        | Killed a hell knight
  3731 | D        | Killed a hell knight
  3732 | D        | Reached XP level 12. HP: 65/124 MP: 11/11
  4178 | D        | Noticed a hellephant
  4178 | D        | Noticed a death cob
  4178 | D        | Noticed an eidolon
  4184 | D        | Killed a death cob
  4185 | D        | Reached skill level 23 in Axes
  4192 | D        | Received a gift from Trog
  4198 | D        | Noticed a centaur warrior
  4202 | D        | Killed a hellephant
  4209 | D        | Reached skill level 24 in Axes
  4220 | D        | Killed a centaur warrior
  4221 | D        | Killed an eidolon
  4221 | D        | Received a gift from Trog
  4222 | D        | Noticed a merfolk aquamancer
  4226 | D        | Noticed an eidolon
  4227 | D        | Killed a merfolk aquamancer
  4229 | D        | Received a gift from Trog
  4231 | D        | Killed an eidolon
  4231 | D        | Identified the amulet "Emoe" {Reflect -Tele Will+++ Regen+
                  | Dex-3 SH+5}
  4262 | D        | Received a gift from Trog
  4387 | D        | Reached XP level 13. HP: 138/138 MP: 12/12
  4876 | D        | Noticed a deep elf master archer
  4881 | D        | Paralysed by a floating eye for 4 turns
  4887 | D        | Received a gift from Trog
  4887 | D        | Killed a deep elf master archer
  5380 | D        | Killed a ghost moth
  5492 | D        | Received a gift from Trog
  5531 | D        | Identified the +6 hand axe "Nusaoxt" {flame, Str+3} (Trog
                  | gifted it to you in the Dungeon)
  5531 | D        | Received a gift from Trog
  5567 | D        | Noticed a royal mummy
  5578 | D        | Killed a royal mummy
  5637 | D        | Noticed a nagaraja
  5641 | D        | Noticed a deep elf sorcerer
  5646 | D        | Noticed a black draconian knight
  5685 | D        | Killed from afar by a deep elf sorcerer

Illustrated notes

Levels and vault maps discovered:
D:        pitsprint [storerooms_1, entrance_room_1, metal_vault_3, armoury_2,
          mini_pit_1, grid_room_1, main_hall_1, silver_pit, the_coven_1,
          the_vestibule_1, steel_vault_2, golden_pit, hallway_of_sentries,
          crystal_vault_5, iron_vault_1, final_vault]

Skill      XL: |  1  2  3  4  5  6  7  8  9 10 11 12 13 |
---------------+----------------------------------------+-----
Fighting       | 5 6 7 9 10 11 13 14 16 19 21 | 21.0
Axes           | 6 7 9 10 12 14 15 17 20 22 24 | 24.0
Armour         | 4 6 7 8 10 11 12 14 16 19 20 | 20.8
Dodging        | 4 5 6 7 9 10 11 13 15 17 19 | 19.2

Action                   |  1- 3 |  4- 6 |  7- 9 | 10-12 | 13-15 || total
-------------------------+-------+-------+-------+-------+-------++-------
Melee: Hand axe          |    15 |    22 |    31 |       |       ||    68
       Headbutt          |     3 |     3 |    10 |    30 |     3 ||    49
       Punch             |       |     1 |     1 |       |       ||     2
       Broad axe         |       |       |     8 |       |       ||     8
       Battleaxe         |       |       |    12 |   166 |    51 ||   229
Invok: Berserk           |     2 |     1 |     5 |     9 |     2 ||    19
       Brothers in Arms  |       |       |       |     4 |     1 ||     5
       Trog's Hand       |       |       |       |     3 |     1 ||     4
  Use: Potion            |       |       |       |     2 |       ||     2
       Scroll            |       |       |       |     1 |     5 ||     6
 Stab: Sleeping          |     1 |       |       |       |       ||     1
Armor: Animal skin       |     2 |     2 |       |       |       ||     4
       Plate armour      |       |     3 |    17 |    83 |    31 ||   134
Dodge: Dodged            |    15 |     9 |    13 |    71 |    18 ||   126
